 Dungeon Crawl Stone Soup version 0.19.0-20-gbc5f0c6 (webtiles) character file.

72 toast the Covered (level 4, -23/40 HPs)
             Began as a Minotaur Fighter on Nov 17, 2016.
             Was a Follower of Okawaru.
             Engulfed by a cloud of flame (32 damage)
             ... on level 2 of the Dungeon.
             The game lasted 00:02:43 (833 turns).

toast the Covered (Minotaur Fighter)                 Turns: 833, Time: 00:02:44

Health: -23/40     AC: 11    Str: 21    XL:     4   Next: 7%
Magic:  3/3        EV:  4    Int:  5    God:    Okawaru [*.....]
Gold:   25         SH:  9    Dex: 10    Spells: 0 memorised, 3 levels left

rFire  . . .     SeeInvis .     a - +0 war axe
rCold  . . .     Gourm    .     k - +0 plate armour
rNeg   . . .     Faith    .     c - +0 shield
rPois  .         Spirit   .     (helmet restricted)
rElec  .         Reflect  .     (no cloak)
rCorr  .         Harm     .     (no gloves)
MR     .....                    (no boots)
Stlth  ..........               (no amulet)
                                (no ring)
                                (no ring)

@: drained
A: retaliatory headbutt, horns 2
a: Heroism, Renounce Religion


You were on level 2 of the Dungeon.
You worshipped Okawaru.
Okawaru was aware of your devotion.
You were not hungry.

You visited 1 branch of the dungeon, and saw 2 of its levels.

You collected 25 gold pieces.

Inventory:

Hand Weapons
 a - a +0 war axe (weapon)
Armour
 c - a +0 shield (worn)
 k - a +0 plate armour (worn)
Jewellery
 m - an uncursed ring of protection from fire {unknown}
Scrolls
 e - 4 scrolls of identify
Potions
 b - a potion of invisibility {unknown}
 d - a potion of might
 h - a potion of berserk rage {unknown}
 j - a potion of ambrosia {unknown}
Comestibles
 f - a bread ration
 g - 7 chunks of flesh
 l - a slice of pizza


   Skills:
 + Level 4.1(3.9) Fighting
 * Level 4.0(3.8) Axes
 + Level 4.6(4.3) Armour
 - Level 3.6(3.4) Shields


You had 3 spell levels left.
You didn't know any spells.

Dungeon Overview and Level Annotations

Branches:
Dungeon (2/15)

Altars:
Okawaru


Innate Abilities, Weirdness & Mutations

You reflexively headbutt those who attack you in melee.
You have a pair of horns on your head.


Message History

It was a scroll of immolation.
The leopard gecko bites you but does no damage.
Your plate armour prevents you from hitting the leopard gecko.
The leopard gecko bites you but does no damage. x2
Your plate armour prevents you from hitting the leopard gecko.
The leopard gecko bites you.
The leopard gecko bites you but does no damage.
You hit the leopard gecko but do no damage.
Your headbutt misses the leopard gecko. You block the leopard gecko's attack.
You miss the leopard gecko.
You block the leopard gecko's attack. x2
You slash the leopard gecko!
The leopard gecko explodes!
The fiery explosion engulfs you!
Ouch! That really hurt!
* * * LOW HITPOINT WARNING * * *
Okawaru accepts your kill.
Your base Axes skill increases to level 4!
You are engulfed in roaring flames.
Ouch! That really hurt!
You die...

#...........##.#
#..#.#.#.#...#.#.#
...............#.#
#.#.#.#.#...#.#.#
#..........##.#.#
##.##..####.##.#.#
......## #.##.#.#
.#.#..# #.##.#ยง#
.....## #.##.#@#
.#.#.######......#
...............###
##.#.###########
.....# ######


There were no monsters in sight!

Vanquished Creatures
  An adder (D:2)
  5 dart slugs (D:1)
  3 leopard geckos
  2 ball pythons
  2 bats
  2 giant cockroaches
  5 goblins
  5 hobgoblins
  8 jackals (D:1)
  A frilled lizard (D:1)
  6 kobolds
  4 rats (D:1)
44 creatures vanquished.

Notes
Turn   | Place    | Note
-------+----------+-------------------------------------------
     0 | D:1      | toast the Minotaur Fighter began the quest for the Orb.
     0 | D:1      | Reached XP level 1. HP: 19/19 MP: 0/0
    22 | D:1      | Reached XP level 2. HP: 16/27 MP: 1/1
   268 | D:1      | Reached XP level 3. HP: 28/33 MP: 2/2
   677 | D:2      | Found a faded altar of an unknown god.
   690 | D:2      | Became a worshipper of Warmaster Okawaru
   690 | D:2      | Reached * piety under Okawaru
   758 | D:2      | Reached XP level 4. HP: 40/40 MP: 3/3
   833 | D:2      | Engulfed by a cloud of flame

Skill      XL: |  1  2  3  4 |
---------------+-------------+-----
Armour         | 4 |  4.6
Axes           | 3 4 |  4.0
Fighting       | 4 |  4.1
Shields        | |  3.6

Action                   |  1- 3 |  4- 6 || total
-------------------------+-------+-------++-------
Melee: War axe           |    73 |     9 ||    82
       Headbutt          |     9 |     1 ||    10
  Use: Scroll            |     3 |     1 ||     4
Armor: Scale mail        |    38 |       ||    38
       Plate armour      |       |     5 ||     5
Dodge: Dodged            |    25 |       ||    25
Block: Shield            |    36 |     5 ||    41
